 Dungeon Crawl Stone Soup version 0.26-a0-707-g31817bcca1 (webtiles) character file.

Game seed: 16353354726517591684

2009 Gargoyl the Skirmisher (level 9, 0/74 HPs)
             Began as a Gnoll Abyssal Knight on Oct 26, 2020.
             Was a Priest of Lugonu.
             Slain by an orc warrior
             ... wielding a +0 trident
              (10 damage)
             ... on level 6 of the Dungeon.
             The game lasted 00:08:47 (6243 turns).

Gargoyl the Skirmisher (Gnoll Abyssal Knight)       Turns: 6243, Time: 00:08:47

Health: 0/74       AC: 14    Str: 16    XL:     9   Next: 22%
Magic:  15/15      EV:  7    Int: 14    God:    Lugonu [***...]
Gold:   297        SH:  0    Dex: 17    Spells: 16/16 levels left

rFire    . . .     SeeInvis .   v - +2 war axe (venom)
rCold    + . .     Faith    .   (no shield)
rNeg     . . .     Spirit   .   d - +0 plate armour {rC+}
rPois    .         Reflect  .   e - +0 helmet
rElec    .         Harm     .   (no cloak)
rCorr    .         Rampage  .   (no gloves)
MR       .....                  (no boots)
Stlth    ..........             f - amulet of regeneration
HPRegen  0.62/turn              (no ring)
MPRegen  0.14/turn              (no ring)

@: slowed, very slow
A: distributed training, fangs 1, strong nose
a: Depart the Abyss, Bend Space, Banish, Renounce Religion


You were on level 6 of the Dungeon.
You worshipped Lugonu.
Lugonu was most pleased with you.
You visited 1 branch of the dungeon, and saw 6 of its levels.
You visited the Abyss 1 time.

You collected 297 gold pieces.

Inventory:

Hand Weapons
 a - a +3 hand axe
 v - a +2 war axe of venom (weapon)
Missiles
 q - 7 poisoned darts (quivered)
Armour
 d - a +0 plate armour of cold resistance (worn)
 e - a +0 helmet (worn)
Jewellery
 f - an amulet of regeneration (around neck)
Wands
 s - a wand of random effects (15)
Scrolls
 b - 3 scrolls of remove curse
 k - 2 scrolls of enchant armour {unknown}
 n - 3 scrolls of teleportation
 u - a scroll of fog
Potions
 c - a potion of lignification
 g - a potion of might
 h - a potion of berserk rage
 i - a potion of curing
 j - 2 potions of flight
 l - a potion of mutation
 m - 3 potions of magic
 o - a potion of resistance {unknown}
 p - 3 potions of stabbing {unknown}
 r - a potion of brilliance {unknown}
 t - a potion of heal wounds


   Skills:
 + Level 7.8 Fighting
 + Level 4.0 Short Blades
 + Level 4.0 Long Blades
 + Level 6.2 Axes
 + Level 4.0 Maces & Flails
 + Level 4.0 Polearms
 + Level 4.0 Staves
 + Level 4.0 Slings
 + Level 4.0 Bows
 + Level 4.0 Crossbows
 + Level 4.0 Throwing
 + Level 6.2 Armour
 + Level 4.8 Dodging
 + Level 4.0 Stealth
 + Level 4.0 Shields
 + Level 4.0 Unarmed Combat
 + Level 4.0 Spellcasting
 + Level 3.3 Conjurations
 + Level 3.3 Hexes
 + Level 3.3 Summonings
 + Level 3.3 Necromancy
 + Level 3.3 Translocations
 + Level 3.3 Transmutations
 + Level 3.3 Fire Magic
 + Level 3.3 Ice Magic
 + Level 3.3 Air Magic
 + Level 3.3 Earth Magic
 + Level 3.3 Poison Magic
 + Level 6.4 Invocations
 + Level 4.0 Evocations


You had 16 spell levels left.
You didn't know any spells.
Your spell library was empty.

Dungeon Overview and Level Annotations

Branches:
Dungeon (6/15)
 Temple: D:4-7

Altars:
Sif Muna

Shops:
D:4 (


Innate Abilities, Weirdness & Mutations

Your experience applies equally to all skills.
You have very sharp teeth.
Your uncanny sense of smell can sniff out nearby items.


Message History

The orc wizard blinks!
The orc wizard hits you but does no damage.
You slash the orc wizard!
The orc wizard is heavily wounded.
The orc wizard hits you with a +4 dagger.
The orc warrior hits you but does no damage.
The orc priest calls down the wrath of Beogh upon you.
Beogh smites you!
* * * LOW HITPOINT WARNING * * *
The orc wizard gestures at you while chanting.
The magic dart hits you but does no damage.
The orc warrior hits you from afar with a +0 trident!
* * * LOW HITPOINT WARNING * * *
Your plate armour prevents you from hitting the orc wizard.
The orc wizard is heavily wounded.
The orc wizard hits you but does no damage.
The orc wizard hits you with a +4 dagger.
* * * LOW HITPOINT WARNING * * *
The orc warrior hits you from afar with a +0 trident!
You die...

..# #.# #......# #.. #.###.#
#......# #.. #..##.# #..
#..##.# #.. #..##.# #).
#..##.###############).
#...................<).
########.##.#################
#.?......oo.@oo.....
#o######.##[######## #.
#..#.# #o ##.#.# #. .#.# #o
...# #o #..# #. ..#


You could see an orc warrior, an orc priest and 2 orc wizards.

Vanquished Creatures
  Sigmund (D:4)
  Menkaure (D:5)
  Edmund (D:5)
  A sky beast (D:5)
  Duvessa (D:5)
  An orc warrior (D:5)
  2 ice beasts (D:5)
  Blork the orc (D:5)
  Dowan (D:5)
  2 scorpions (D:5)
  3 howler monkeys (D:4)
  7 orc wizards
  5 orc priests
  3 hounds
  2 iguanas
  Natasha (thrice) (D:4)
  3 worker ants (D:5)
  A hound zombie (D:5)
  Robin (D:4)
  7 adders
  A white imp (D:5)
  An ufetubus (D:5)
  An ooze (D:3)
  An adder skeleton (D:5)
  A worm (D:3)
  A dart slug (D:2)
  2 leopard geckos
  17 orcs
  A giant cockroach (D:3)
  10 goblins
  8 hobgoblins
  3 jackals (D:5)
  7 kobolds
  2 quokkas
  5 bats
  11 frilled lizards
  A rat (D:2)
  A butterfly (D:6)
121 creatures vanquished.

Vanquished Creatures (others)
  5 plants (D:1)
5 creatures vanquished.

Grand Total: 126 creatures vanquished

Notes
Turn   | Place    | Note
-------+----------+-------------------------------------------
     0 | Abyss:1  | Gargoyl the Gnoll Abyssal Knight began the quest for the
                  | Orb.
     0 | Abyss:1  | Reached XP level 1. HP: 23/23 MP: 3/3
    70 | Abyss:2  | Noticed a small abomination
    89 | Abyss:2  | Noticed an ancient zyme
   101 | Abyss:2  | Noticed a smoke demon
   105 | D:1      | Escaped the Abyss
   656 | D:1      | Reached XP level 2. HP: 29/29 MP: 5/5
   673 | D:1      | Reached * piety under Lugonu
  1075 | D:2      | Reached XP level 3. HP: 24/35 MP: 6/6
  1793 | D:3      | Reached skill level 1 in Short Blades
  1793 | D:3      | Reached skill level 1 in Long Blades
  1793 | D:3      | Reached skill level 1 in Maces & Flails
  1793 | D:3      | Reached skill level 1 in Polearms
  1793 | D:3      | Reached skill level 1 in Staves
  1793 | D:3      | Reached skill level 1 in Slings
  1793 | D:3      | Reached skill level 1 in Bows
  1793 | D:3      | Reached skill level 1 in Crossbows
  1793 | D:3      | Reached skill level 1 in Throwing
  1793 | D:3      | Reached skill level 1 in Stealth
  1793 | D:3      | Reached skill level 1 in Shields
  1793 | D:3      | Reached skill level 1 in Unarmed Combat
  1793 | D:3      | Reached skill level 1 in Spellcasting
  1793 | D:3      | Reached skill level 1 in Evocations
  1793 | D:3      | Reached XP level 4. HP: 35/41 MP: 7/7
  2026 | D:3      | Reached skill level 1 in Conjurations
  2026 | D:3      | Reached skill level 1 in Hexes
  2026 | D:3      | Reached skill level 1 in Summonings
  2026 | D:3      | Reached skill level 1 in Necromancy
  2026 | D:3      | Reached skill level 1 in Translocations
  2026 | D:3      | Reached skill level 1 in Transmutations
  2026 | D:3      | Reached skill level 1 in Fire Magic
  2026 | D:3      | Reached skill level 1 in Ice Magic
  2026 | D:3      | Reached skill level 1 in Air Magic
  2026 | D:3      | Reached skill level 1 in Earth Magic
  2026 | D:3      | Reached skill level 1 in Poison Magic
  2448 | D:3      | Reached XP level 5. HP: 37/47 MP: 8/8
  2780 | D:4      | Noticed Sigmund
  2793 | D:4      | Killed Sigmund
  2793 | D:4      | Reached skill level 5 in Axes
  2793 | D:4      | Reached skill level 5 in Armour
  2793 | D:4      | Reached skill level 5 in Invocations
  2793 | D:4      | Reached XP level 6. HP: 30/53 MP: 9/9
  2939 | D:4      | Reached ** piety under Lugonu
  3043 | D:4      | You fall into a shaft and drop 1 floor!
  3043 | D:5      | Entered Level 5 of the Dungeon
  3048 | D:5      | Reached XP level 7. HP: 59/59 MP: 10/10
  3064 | D:5      | Reached skill level 7 in Fighting
  3342 | D:5      | Noticed Dowan
  3346 | D:5      | Noticed Duvessa
  3366 | D:5      | Killed Duvessa
  3371 | D:5      | Killed Dowan
  3371 | D:5      | Reached XP level 8. HP: 52/67 MP: 12/12
  3647 | D:5      | Noticed Blork the orc
  3671 | D:5      | Killed Blork the orc
  3672 | D:5      | Noticed Menkaure
  3962 | D:4      | Noticed Natasha
  3970 | D:4      | Killed Natasha
  4258 | D:4      | Noticed Robin
  4268 | D:4      | Killed Robin
  4324 | D:4      | Found Vunaoceag's Antique Weapon Emporium.
  4598 | D:4      | Found a shimmering blue altar of Sif Muna.
  4800 | D:4      | Noticed Natasha
  4810 | D:4      | Killed Natasha
  4813 | D:4      | Noticed Natasha
  4827 | D:4      | Killed Natasha
  5082 | D:5      | Killed Menkaure
  5309 | D:5      | Reached *** piety under Lugonu
  5731 | D:5      | Noticed Edmund
  5742 | D:5      | Killed Edmund
  5742 | D:5      | Reached XP level 9. HP: 73/73 MP: 14/14
  6243 | D:6      | Slain by an orc warrior

Illustrated notes

Levels and vault maps discovered:
D:1:      minmay_arrival_nine_rooms, layout_basic, minmay_lizard_king
D:2:      layout_basic
D:3:      layout_loops_ring
D:4:      layout_basic, led_sif_book, serial_shops, nicolae_shop_behind_doors,
          uniq_robin, uniq_sigmund, uniq_natasha
D:5:      minmay_spotlight, layout_basic, uniq_menkaure, uniq_duvessa,
          uniq_edmund, uniq_blork_the_orc
D:6:      minmay_chambers_of_threes, layout_basic,
          minmay_temple_entry_butterflies

Skill      XL: |  1  2  3  4  5  6  7  8  9 |
---------------+----------------------------+-----
Short Blades   | 1 2 3 4 |  4.0
Long Blades    | 1 2 3 4 |  4.0
Maces & Flails | 1 2 3 4 |  4.0
Polearms       | 1 2 3 4 |  4.0
Staves         | 1 2 3 4 |  4.0
Slings         | 1 2 3 4 |  4.0
Bows           | 1 2 3 4 |  4.0
Crossbows      | 1 2 3 4 |  4.0
Throwing       | 1 2 3 4 |  4.0
Stealth        | 1 2 3 4 |  4.0
Shields        | 1 2 3 4 |  4.0
Unarmed Combat | 1 2 3 4 |  4.0
Spellcasting   | 1 2 3 4 |  4.0
Evocations     | 1 2 3 4 |  4.0
Conjurations   | 1 2 3 |  3.3
Hexes          | 1 2 3 |  3.3
Summonings     | 1 2 3 |  3.3
Necromancy     | 1 2 3 |  3.3
Translocations | 1 2 3 |  3.3
Transmutations | 1 2 3 |  3.3
Fire Magic     | 1 2 3 |  3.3
Ice Magic      | 1 2 3 |  3.3
Air Magic      | 1 2 3 |  3.3
Earth Magic    | 1 2 3 |  3.3
Poison Magic   | 1 2 3 |  3.3
Dodging        | 3 4 |  4.8
Axes           | 5 6 |  6.2
Armour         | 5 6 |  6.2
Invocations    | 5 6 |  6.4
Fighting       | 7 |  7.8

Action                   |  1- 3 |  4- 6 |  7- 9 || total
-------------------------+-------+-------+-------++-------
Melee: Hand axe          |    83 |   105 |   180 ||   368
       Bite              |     3 |    14 |    29 ||    46
       Punch             |       |       |     5 ||     5
       War axe           |       |       |    66 ||    66
Throw: Dart              |     6 |    17 |    42 ||    65
Invok: Depart the Abyss  |     1 |       |       ||     1
Evoke: Wand              |       |       |     2 ||     2
  Use: Scroll            |       |     8 |     6 ||    14
       Potion            |       |       |     1 ||     1
Armor: Plate armour      |    59 |    62 |   172 ||   293
Dodge: Dodged            |    25 |    12 |    68 ||   105

Table legend: (Time is in decaauts)
 A = Elapsed time spent in this place.
 B = Non-inter-level travel time spent in this place.
 C = Inter-level travel time spent in this place.
 D = Time resting spent in this place.
 E = Time spent auto-exploring this place.
 F = Levels seen in this place.
 G = Mean time per level.
                   A        B        C        D        E       F      G
               +--------+--------+--------+--------+--------+-----+--------+
         Total |   6289 |   6163 |    126 |    601 |   4320 |   8 |  786.1 |
       Dungeon |   6184 |   6058 |    126 |    601 |   4280 |   6 | 1030.7 |
         Abyss |    104 |    104 |      0 |      0 |     40 |   2 |   52.0 |
               +--------+--------+--------+--------+--------+-----+--------+

Top non-repeatable levels by time:
     D:4: 1678 daAuts
     D:5: 1608 daAuts
     D:3: 1013 daAuts
     D:1: 901 daAuts
     D:2: 769 daAuts
     D:6: 213 daAuts
 Abyss:2: 68 daAuts
 Abyss:1: 36 daAuts
